 Dungeon Crawl Stone Soup version 0.30.1-4-g462c640d31 (webtiles) character file.

Game seed: 15045938836537907148

102734 Heoruswealwe the Marksdemigod (level 15, -10/150 HPs)
             Began as a Demigod Hunter on Aug 11, 2023.
             Killed from afar by Aizul (28 damage)
             ... with a bolt of poison
             ... on level 1 of the Snake Pit on Aug 14, 2023.
             The game lasted 04:26:11 (21644 turns).

Heoruswealwe the Marksdemigod (Demigod Hunter)     Turns: 21644, Time: 04:26:11

Health: -10/150    AC: 21    Str: 12    XL:     15   Next: 40%
Magic:  18/18      EV: 12    Int:  8    God:
Gold:   1765       SH:  0    Dex: 37    Spells: 11/14 levels left

rFire   + + .        a - +5 longbow
rCold   . . .        (shield currently unavailable)
rNeg    + . .        c - +4 ring mail of the Devil's Advocate {Int+2 Slay+5}
rPois   .            g - +2 helmet {SInv}
rElec   .            h - +1 cloak
rCorr   .            f - +2 pair of gloves {Stlth+}
SInv    +            e - +3 pair of seven-league boots {Rampage+∞}
Will    +....        i - amulet of regeneration
Stlth   +++++        j - ring "Nuxko" {rF+ Stlth+}
HPRegen 1.25/turn    k - ring "Qiodecag" {rF+ rN+ Int-5 SInv Stlth+}
MPRegen 0.16/turn

%: rampage+∞
@: lethally poisoned (-10 -> -29), studying Earth Magic
A: high MP 1, forlorn, divine attributes
a: no special abilities


You were on level 1 of the Snake Pit.
You visited 5 branches of the dungeon, and saw 24 of its levels.
You also visited: Ossuary and Ice Cave.

You collected 2625 gold pieces.
You spent 860 gold pieces at shops.

Inventory:

Hand Weapons
 a - a +5 longbow (weapon)
 b - a +4 scimitar of flaming
 B - the +7 dagger "Xereef" {heavy, rC++ Str+3 Stlth+}
   (You found it on level 9 of the Dungeon)

   Str:       It affects your strength (+3).
   rC:        It greatly protects you from cold.
   Stlth:     It makes you more stealthy.
Armour
 c - the +4 ring mail of the Devil's Advocate (worn) {Int+2 Slay+5}
   (You found it on level 3 of the Dungeon)

   Int:       It affects your intelligence (+2).
   Slay:      It affects your accuracy & damage with ranged weapons and melee
   (+5).
 e - the +3 pair of seven-league boots (worn) {Rampage+∞}
   (You found it on level 7 of the Dungeon)

   Rampage+∞: When moving toward enemies, its wearer moves as far as possible,
   alerting their target en route.
 f - a +2 pair of gloves of stealth (worn)
 g - a +2 helmet of see invisible (worn)
 h - a +1 cloak (worn)
Jewellery
 i - an amulet of regeneration (around neck)
 j - the ring "Nuxko" (left hand) {rF+ Stlth+}
   (You found it on level 12 of the Dungeon)

   [ring of protection from fire]

   rF:        It protects you from fire.
   Stlth:     It makes you more stealthy.
 k - the ring "Qiodecag" (right hand) {rF+ rN+ Int-5 SInv Stlth+}
   (You found it on level 1 of the Lair of Beasts)

   [ring of positive energy]

   Int:       It affects your intelligence (-5).
   rF:        It protects you from fire.
   rN:        It protects you from negative energy.
   SInv:      It lets you see invisible.
   Stlth:     It makes you more stealthy.
 t - an amulet of reflection
 x - a ring of flight
 L - a ring of protection from cold
 M - a ring of resist corrosion
Wands
 v - a wand of flame (52)
 z - a wand of light (5)
 F - a wand of iceblast (20)
 J - a wand of charming (22)
 Z - a wand of mindburst (4)
Scrolls
 d - a scroll of fear
 q - 3 scrolls of teleportation
 A - 2 scrolls of magic mapping
 E - 5 scrolls of amnesia
 O - 3 scrolls of identify
 Q - a scroll of enchant armour
 S - a scroll of poison
 V - a scroll of fog
 W - a scroll of blinking
 Y - a scroll of summoning
Potions
 l - 4 potions of might
 o - 2 potions of cancellation
 r - 3 potions of mutation
 u - 2 potions of lignification
 D - 3 potions of brilliance
 I - a potion of resistance
 N - 4 potions of curing
 R - 12 potions of ambrosia
 U - a potion of haste
Miscellaneous
 y - a box of beasts


   Skills:
 + Level 18.6 Fighting
 + Level 18.9 Ranged Weapons
 - Level 1.7 Dodging
 - Level 0.8 Stealth


You had 11 spell levels left.
You knew the following spells:

 Your Spells              Type           Power      Damage    Failure   Level
a - Apportation           Tloc           0%         N/A       69%         1
b - Passwall              Tmut/Erth      0%         N/A       83%         2

Your spell library contained the following spells:

 Spells                   Type           Power      Damage    Failure   Level
 Freeze                   Ice            0%         1d3       69%         1
 Kiss of Death            Conj/Necr      0%         2d5       69%         1
 Magic Dart               Conj           0%         1d3       69%         1
 Necrotise                Necr           0%         1d4       69%         1
 Sandblast                Erth           0%         2d4       69%         1
 Slow                     Hex            0%         N/A       69%         1
 Summon Small Mammal      Summ           0%         N/A       69%         1
 Call Imp                 Summ           0%         N/A       83%         2
 Cigotuvi's Dreadful Rot  Necr/Pois/Air  0%         N/A       83%         2
 Ensorcelled Hibernation  Hex/Ice        0%         N/A       83%         2
 Confusing Touch          Hex            0%         N/A       96%         3
 Frozen Ramparts          Ice            0%         1d1       96%         3
 Hailstorm                Conj/Ice       0%         3d3       96%         3
 Mephitic Cloud           Conj/Pois/Air  0%         N/A       96%         3
 Spider Form              Tmut/Pois      0%         N/A       96%         3
 Stone Arrow              Conj/Erth      0%         3d7       96%         3
 Vampiric Draining        Necr           0%         2d6       96%         3
 Volatile Blastmotes      Fire/Tloc      0%         2d10      96%         3
 Anguish                  Hex/Necr       0%         N/A       100%        4
 Dispel Undead            Necr           0%         3d6       100%        4
 Fulminant Prism          Conj/Hex       0%         3d5       100%        4
 Iskenderun's Mystic Bla  Conj/Tloc      0%         2d3       100%        4
 Iskenderun's Battlesphe  Conj           0%         2d6       100%        5
 Lee's Rapid Deconstruct  Erth           0%         3d4*      100%        5
 Death Channel            Necr           0%         N/A       100%        6
 Iron Shot                Conj/Erth      0%         9d1       100%        6
 Spellforged Servitor     Conj/Summ      0%         N/A       100%        7


Dungeon Overview and Level Annotations

Branches:
Dungeon (15/15)            Temple (1/1) D:5            Lair (5/5) D:9
 Shoals (0/4) Lair:3        Snake (1/4) Lair:2        Slime (0/5) Lair:4
    Orc (2/2) D:11            Elf (0/3) Orc:2        Vaults (0/5) D:13
 Depths (0/4) D:15        Ossuary (visited)           IceCv (visited)

Shops:
D:6 :   D:9 (   D:11 :   D:12 [   D:15 *   Orc:1 (*   Orc:2 ([[=(:

Annotations:
Snake:1 Aizul


Innate Abilities, Weirdness & Mutations

You have an increased reservoir of magic. (+10% MP)
You shall have no god before yourself.
Your divine heritage dramatically boosts your attributes as you level up.


Message History

The bolt of poison hits you!
You are more poisoned.
The salamander mystic closely misses you.
The naga mage mumbles some strange words.
The naga mage seems to speed up.
Okay, then.
You are confused.
You feel invigorated.
You feel extremely sick.
Aizul yawns, and then pretends she didn't.
Aizul casts a spell at you.
You struggle to resist.
The salamander mystic gestures at you while chanting.
The lance of force hits you!
You are knocked back by the lance of force.
You slam into the rock wall!
* * * LOW HITPOINT WARNING * * *
Aizul hits you!
* * * LOW HITPOINT WARNING * * *
The salamander mystic attacks as you move away!
The salamander mystic hits you with a +0 dagger.
* * * LOW HITPOINT WARNING * * *
You are engulfed in flames.
You resist.
* * * LOW HITPOINT WARNING * * *
You feel extremely sick. The naga mage casts a spell at you.
The bolt of poison hits you!
You are lethally poisoned!
* * * LOW HITPOINT WARNING * * *
Aizul closely misses you.
You feel better.
You feel less invigorated. The naga mage barely misses you. x2
Aizul coils herself and waves her upper body at you.
The bolt of poison hits you.
You are poisoned.
* * * LOW HITPOINT WARNING * * *
Aizul says, "I wasn't actually sleeping!"
Aizul coils herself and waves her upper body at you.
The bolt of poison hits you!!
You are lethally poisoned!
You die...

##.............#
### ##............#
#.## #..#..........
#..###..##.......#.
#...#.........#####
#.........##### #
###..#..##.# #
###N..##.## .# #
#..S@##.## . .
#..#N##.# #
##..)..# .........#
####........
#......### #......#
#......# +....N.#


You could see Aizul, a salamander mystic and a naga mage (fast).

Vanquished Creatures
  A shard shrike (IceCv)
  A storm dragon (D:14)
  An orc warlord (Orc:1)
  Azrael (D:14)
  A white draconian (IceCv)
  A fire dragon (D:15)
  5 hydras
  Harold (D:9)
  A rakshasa (D:14)
  6 vault guards (D:13)
  A merfolk avatar (Lair:5)
  An ice dragon (D:15)
  6 ironbound frosthearts (IceCv)
  Erica (D:8)
  4 boulder beetles
  2 centaur warriors
  3 two-headed ogres
  3 tengu warriors
  5 death yaks (Lair:3)
  3 orc high priests (Orc:2)
  Nergalle (Orc:1)
  A sea snake (Lair:5)
  An orange crystal statue (IceCv)
  4 orc knights (Orc:2)
  Pikel (D:7)
  6 orc sorcerers
  4 oklob plants (Lair:4)
  24 ugly things
  2 cyclopes
  3 manticores
  A salamander (Lair:2)
  6 elephants (Lair:5)
  2 ice statues (D:15)
  8 black mambas
  A guardian serpent (D:13)
  A torpor snail (Lair:5)
  A molten gargoyle (D:15)
  A gargoyle (D:12)
  An unseen horror (D:12)
  3 komodo dragons
  12 cane toads
  23 rime drakes
  The ghost of H0rd4k the Sneak, a novice OpAr of Gozag (D:7)
  An efreet (D:15)
  7 trolls
  3 meliai (D:15)
  16 polar bears
  A raiju (shapeshifter) (D:14)
  A queen bee (Lair:2)
  3 hornets
  8 blink frogs
  4 wind drakes
  6 dream sheep (Lair:4)
  3 snapping turtles (Lair:5)
  A dream sheep (shapeshifter) (D:14)
  A centaur simulacrum (D:14)
  4 slime creatures (D:15)
  5 wraiths
  2 vampires (D:11)
  7 wyverns
  43 yaks
  5 fire elementals
  5 basilisks
  11 vampire mosquitoes
  2 wargs
  4 steam dragons
  A naga (Snake:1)
  14 water moccasins
  An acid dragon (D:8)
  3 hell hounds (D:14)
  3 sky beasts
  21 orc warriors
  A black bear (Lair:2)
  2 ice beasts
  A boggart (D:14)
  4 ogres
  12 wolves
  7 centaurs
  Blork the orc (D:7)
  2 kobold brigands (D:6)
  4 lemures (D:7)
  2 phantoms
  3 gnoll sergeants
  8 bullfrogs
  4 scorpions
  A wight (D:7)
  25 killer bees (Lair:2)
  5 howler monkeys
  6 lava snakes
  3 hounds
  2 jellies
  2 gnoll boudas
  15 orc priests
  22 orc wizards
  4 iguanas
  8 mummies (Ossuary)
  13 gnolls
  7 adders
  A shadow imp (D:6)
  A worm (D:2)
  2 dart slugs
  71 orcs
  5 endoplasms
  2 giant cockroaches
  6 goblins
  8 hobgoblins
  3 jackals (D:1)
  7 quokkas
  9 ball pythons
  4 bats
  6 frilled lizards
  A gnoll zombie (Ossuary)
  4 hobgoblin zombies (Ossuary)
  13 kobolds
  A kobold zombie (Ossuary)
  2 orc zombies (Ossuary)
  7 rats
  A spectral orc (D:3)
660 creatures vanquished.

Vanquished Creatures (collateral kills)
  A vault guard (D:13)
  A deep elf pyromancer (D:13)
  An ugly thing (D:13)
  2 efreet (D:13)
  A centaur (D:13)
  A white imp (D:7)
7 creatures vanquished.

Vanquished Creatures (others)
  A redback simulacrum (D:15)
1 creature vanquished.

Grand Total: 668 creatures vanquished

Notes
Turn   | Place    | Note
-------+----------+-------------------------------------------
     0 | D:1      | Heoruswealwe the Demigod Hunter began the quest for the
                  | Orb.
     0 | D:1      | Reached XP level 1. HP: 17/17 MP: 3/3
   160 | D:1      | Reached XP level 2. HP: 17/24 MP: 4/4
   687 | D:2      | Reached XP level 3. HP: 22/30 MP: 5/5
   959 | D:2      | Reached XP level 4. HP: 31/38 MP: 6/6
  1312 | D:3      | Identified the +4 ring mail of the Devil's Advocate {Int+2
                  | Slay+5}
  1716 | D:4      | Noticed a phantom
  1725 | D:4      | Killed a phantom
  1726 | D:4      | Reached skill level 5 in Ranged Weapons
  1726 | D:4      | Reached XP level 5. HP: 39/46 MP: 7/7
  2133 | D:4      | Reached XP level 6. HP: 51/53 MP: 8/8
  2477 | D:5      | Entered Level 5 of the Dungeon
  2570 | D:5      | Reached skill level 5 in Fighting
  2607 | D:5      | Found a staircase to the Ecumenical Temple.
  2663 | Temple   | Entered the Ecumenical Temple
  2663 | Temple   | Found a transporter.
  2663 | Temple   | Found a transporter.
  2665 | Temple   | Found a transporter.
  2665 | Temple   | Found a transporter.
  2775 | D:5      | Reached XP level 7. HP: 61/61 MP: 9/9
  3514 | D:6      | Found a sand-covered staircase.
  3521 | Ossuary  | Entered an ossuary
  3541 | Ossuary  | Reached XP level 8. HP: 71/71 MP: 10/10
  3863 | D:6      | Found Araymn's Book Emporium.
  3902 | D:6      | Bought a book of Geomancy for 198 gold pieces
  3902 | D:6      | Bought a book of Cantrips for 132 gold pieces
  3906 | D:6      | Learned a level 1 spell: Apportation
  3909 | D:6      | Learned a level 2 spell: Passwall
  4504 | D:7      | Noticed Blork the orc
  4509 | D:7      | Noticed a hornet
  4522 | D:7      | Paralysed by a hornet for 3 turns
  4529 | D:7      | Killed a hornet
  4576 | D:7      | Noticed Pikel
  4609 | D:7      | Killed Pikel
  4798 | D:7      | Found a transporter.
  4801 | D:7      | Found a transporter.
  4801 | D:7      | Noticed H0rd4k's ghost (novice OpAr)
  4935 | D:7      | Killed H0rd4k's ghost
  4936 | D:7      | Reached XP level 9. HP: 77/81 MP: 11/11
  4995 | D:7      | Found the +3 pair of seven-league boots {Rampage+∞}
  5183 | D:7      | Killed Blork the orc
  5545 | D:6      | You fall into a shaft and drop 1 floor!
  5957 | D:8      | Reached skill level 10 in Ranged Weapons
  6214 | D:8      | Noticed Erica
  6228 | D:8      | Killed Erica
  6343 | D:8      | Reached skill level 10 in Fighting
  6343 | D:8      | Reached XP level 10. HP: 93/93 MP: 13/13
  6774 | D:9      | Identified the +7 dagger "Xereef" {heavy, rC++ Str+3
                  | Stlth+}
  6811 | D:9      | Noticed Harold
  6820 | D:9      | Killed Harold
  6858 | D:9      | Noticed a two-headed ogre
  6916 | D:9      | Killed a two-headed ogre
  6923 | D:9      | Noticed a two-headed ogre
  6953 | D:9      | Killed a two-headed ogre
  6954 | D:9      | Reached XP level 11. HP: 81/103 MP: 14/14
  7047 | D:9      | Found a staircase to the Lair.
  7147 | D:9      | Found Dawk's Antique Weapon Emporium.
  7370 | D:10     | Entered Level 10 of the Dungeon
  7788 | D:10     | Noticed a two-headed ogre
  7792 | D:10     | Killed a two-headed ogre
  7936 | D:11     | Found Qoaz's Tremendous Tomes.
  8225 | D:11     | Found a staircase to the Orcish Mines.
  8901 | D:12     | Identified the ring "Nuxko" {rF+ Stlth+}
  8982 | D:12     | Found Susanowo's Dragon-Slaying Spoils.
  9457 | D:13     | Noticed a centaur warrior
  9459 | D:13     | Killed a centaur warrior
  9466 | D:13     | Noticed a four-headed hydra
  9471 | D:13     | Noticed a deep elf pyromancer
  9494 | D:13     | Killed a one-headed hydra
  9495 | D:13     | Reached XP level 12. HP: 57/115 MP: 15/15
  9510 | D:13     | Noticed a vault guard
  9524 | D:13     | Noticed an eight-headed hydra
  9531 | D:13     | Killed a vault guard
  9538 | D:13     | Noticed a vault guard
  9548 | D:13     | HP: 4/116 [eight-headed hydra (9)]
  9610 | D:13     | Noticed a vault guard
  9613 | D:13     | Killed a vault guard
  9649 | D:13     | Killed a four-headed hydra
  9929 | D:13     | Noticed a vault guard
  9935 | D:13     | Noticed a vault guard
  9936 | D:13     | Killed a vault guard
  9939 | D:13     | Killed a vault guard
  9969 | D:13     | Killed a vault guard
 10083 | D:13     | Noticed a vault guard
 10089 | D:13     | Killed a vault guard
 10122 | D:13     | Noticed a vault guard
 10139 | D:13     | Killed a vault guard
 10524 | D:13     | Found a gate to the Vaults.
 10813 | D:14     | Noticed Azrael
 10846 | D:14     | HP: 2/118 [Azrael/damnation (20)]
 11247 | D:14     | Killed Azrael
 11252 | D:14     | Reached skill level 15 in Ranged Weapons
 11784 | D:14     | Noticed a rakshasa
 11811 | D:14     | Killed a rakshasa
 11814 | D:14     | Reached XP level 13. HP: 125/125 MP: 16/16
 11833 | D:14     | Reached skill level 15 in Fighting
 12295 | D:14     | Noticed a storm dragon
 12404 | D:14     | Killed a storm dragon
 12721 | D:15     | Entered Level 15 of the Dungeon
 12785 | D:15     | Found a frozen archway.
 12870 | D:15     | Found Cagiusk's Gadget Gallery.
 12971 | D:15     | Found a staircase to the Depths.
 13052 | IceCv    | Entered an ice cave
 13420 | IceCv    | Noticed a white draconian
 13433 | IceCv    | Killed a white draconian
 13731 | IceCv    | Noticed a shard shrike
 13740 | IceCv    | Killed a shard shrike
 13741 | IceCv    | Reached XP level 14. HP: 125/138 MP: 17/17
 13893 | IceCv    | Identified the ring of Noahug {Ice Int+6 Dex-3}
 14441 | D:15     | HP: 2/138 [enormous slime creature (19)]
 14827 | Lair:1   | Entered Level 1 of the Lair of Beasts
 14858 | Lair:1   | Identified the ring "Qiodecag" {rF+ rN+ Int-5 SInv Stlth+}
 15606 | Lair:2   | Identified the +5 scale mail of Rurchiwk {Slay+2}
 16125 | Lair:1   | You fall into a shaft and drop 1 floor!
 16148 | Lair:2   | Found a staircase to the Snake Pit.
 16211 | Lair:1   | You fall into a shaft and drop 1 floor!
 16651 | Lair:3   | Found a staircase to the Shoals.
 17527 | Lair:4   | Identified a scroll of acquirement
 18047 | Lair:4   | Found a staircase to the Slime Pits.
 18560 | Lair:5   | Entered Level 5 of the Lair of Beasts
 19011 | Lair:5   | Reached XP level 15. HP: 131/149 MP: 18/18
 19102 | Lair:4   | Acquired a manual of Earth Magic
 19687 | Lair:5   | Identified the +5 trident "Cepror" {elec, *Rage rF+ Stlth+}
 19800 | Lair:4   | You fall into a shaft and drop 1 floor!
 20113 | Orc:1    | Entered Level 1 of the Orcish Mines
 20204 | Orc:1    | Found Zyosyn's CLEARANCE SALE!.
 20212 | Orc:1    | Bought a potion of curing for 12 gold pieces
 20276 | Orc:1    | Noticed Nergalle
 20287 | Orc:1    | Killed Nergalle
 20347 | Orc:2    | Entered Level 2 of the Orcish Mines
 20357 | Orc:2    | Found Oribluac's Antique Weapon Boutique.
 20411 | Orc:2    | Found Heneale's Book Boutique.
 20669 | Orc:1    | Found Lubidid's Weapon Emporium.
 20991 | Orc:2    | Found Xapsy's Jewellery Boutique.
 20991 | Orc:2    | Found Jargh's Weapon Emporium.
 20993 | Orc:2    | Found Are Wui's Antique Armour Emporium.
 20993 | Orc:2    | Found Qutyudoc's Antique Armour Boutique.
 21001 | Orc:2    | Bought a warped helmet for 266 gold pieces
 21001 | Orc:2    | Identified the +0 helmet "Fuloeliy" {Str+3 Dex+2} (You
                  | bought it in a shop on level 2 of the Orcish Mines)
 21001 | Orc:2    | Bought a jet-studded scale mail for 252 gold pieces
 21001 | Orc:2    | Identified the +1 scale mail "Qihes" {rF- Will+ rCorr
                  | Int+9} (You bought it in a shop on level 2 of the Orcish
                  | Mines)
 21191 | Orc:2    | Found a staircase to the Elven Halls.
 21377 | Orc:1    | You fall into a shaft and drop 1 floor!
 21565 | Snake:1  | Entered Level 1 of the Snake Pit
 21629 | Snake:1  | Noticed Aizul
 21644 | Snake:1  | Killed from afar by Aizul

Illustrated notes

Levels and vault maps discovered:
D:1:      lemuel_arrival_lava_pool, layout_loops_cross,
          shapermc_ecumenical_altar_hornbeckon
D:2:      layout_rooms
D:3:      layout_rooms, nicolae_wu_jian_wuxing_cycle,
          yredelemnul_forgotten_temple_becter, elyvilon_altar_4,
          hangedman_abyss_or_decor_stabs
D:4:      layout_basic, chequers_temple_overflow_minitemple, minivault_23
D:5:      layout_cave_pods, general_overflow_altar, temple_pool_b,
          serial_rivers, chequers_serial_rivers_large_a,
          chequers_serial_rivers_micro_c, chequers_serial_rivers_micro_b,
          chequers_serial_rivers_room_a
D:6:      layout_basic, chequers_ossuary_entry_cave, serial_shops, shop
D:7:      layout_cave_pools, gammafunk_ghost_arena, sword_in_stone, uniq_pikel
D:8:      minmay_recursive_quarters, layout_basic, kennysheep_generic_room_6,
          uniq_erica
D:9:      layout_rooms, nicolae_gozag_conspicuous_consumption,
          grunt_lair_entry_orc_guard_hut, serial_shops,
          nicolae_shop_hallway_plus, uniq_harold
D:10:     layout_roguey, mainiacjoe_overflow_brackets, serial_park_tiny_2
D:11:     layout_cave_pools, hiddenorc2_lemuel, nicolae_shop_i_like_big_books,
          grunt_decor_one_mirror, amcnicky_mini_pool_small
D:12:     layout_grid_maze, nicolae_shop_dragon_depot
D:13:     layout_long_grid, erik_vaults_2, grunt_ministairs_13,
          nrook_guardian_serpent_ordinary
D:14:     minmay_mutant_horseshoe, layout_basic, hellmonk_bongcloud_opening,
          hangedman_abyss_or_decor_passed, minmay_misc_feat_diagonals,
          nicolae_concentric_dashed_squares_wild, hangedman_decor_growths,
          uniq_azrael
D:15:     grunt_enter_depths_hoard, layout_basic, grunt_decor_junction,
          portal_ice_cave_entry_ice_statue_two, nicolae_shop_gadgets
Temple:   hellmonk_temple_divided_pantheon
Lair:1:   layout_gridlike, lemuel_fruit_fields, grunt_megastairs_4
Lair:2:   layout_roguey [special_room_bee], nicolae_snake_entry_warm_welcome
Lair:3:   layout_roguey, minmay_shoals_entry_beasts
Lair:4:   layout_cave_pods, minmay_slime_entry_oklob_open, lemuel_fruit_fields,
          infiniplex_staircase_pool
Lair:5:   gammafunk_lair_ancient_temple, layout_hall_layers
Snake:1:  nicolae_snake_shooting_gallery, layout_chambers,
          fake_guardian_serpent_vault, minmay_shop_grove, lemuel_fruit_tree,
          uniq_aizul
Orc:1:    layout_caves, serial_shops, shop, nicolae_shop_clearance,
          uniq_nergalle
Orc:2:    grunt_orc_tribal_feast, layout_caves, serial_shops, shop,
          nicolae_shop_getting_attention

Skill      XL: |  1  2  3  4  5  6  7  8  9 10 11 12 13 14 |
---------------+-------------------------------------------+-----
Fighting       | 2 3 4 5 6 8 10 11 13 14 16 18 | 18.6
Ranged Weapons | 4 5 6 7 8 10 12 13 15 16 18 | 18.9
Dodging        | |  1.7
Stealth        | |  0.8

Action                     |  1- 3 |  4- 6 |  7- 9 | 10-12 | 13-15 || total
---------------------------+-------+-------+-------+-------+-------++-------
  Melee: Scimitar          |       |       |       |    47 |    93 ||   140
         Battleaxe         |       |       |       |    11 |       ||    11
         Punch             |       |       |       |     3 |     6 ||     9
   Fire: Shortbow          |   118 |   111 |   263 |       |       ||   492
         Arbalest          |       |       |    20 |   396 |       ||   416
         Longbow           |       |       |       |    90 |  1440 ||  1530
  Evoke: Wand              |       |       |     1 |     1 |     1 ||     3
    Use: Scroll            |       |     6 |    13 |    22 |    14 ||    55
         Potion            |       |       |     6 |    15 |     8 ||    29
 Armour: Leather armour    |    19 |     4 |       |       |       ||    23
         Ring mail         |       |    12 |   116 |   187 |   293 ||   608
         Skin              |       |       |       |    19 |       ||    19
  Dodge: Dodged            |    54 |    23 |    84 |   166 |   247 ||   574
  Block: Other             |       |       |    29 |    72 |       ||   101
         Reflection        |       |       |     4 |     8 |       ||    12
